 Dungeon Crawl Stone Soup version 0.27-a0-1513-g2aaa0cc67b (webtiles) character file.

Game seed: 4938772891566157532

4288 nyamberluvr69 the Nimble (level 10, -10/63 HPs)
             Began as an Octopode Berserker on July 9, 2021.
             Was an Elder of Trog.
             Mangled by a small abomination (13 damage)
             ... on level 9 of the Dungeon.
             The game lasted 00:20:10 (12077 turns).

nyamberluvr69 the Nimble (Octopode Berserker)      Turns: 12077, Time: 00:20:11

Health: -10/63     AC:  1    Str: 17    XL:     10   Next: 32%
Magic:  10/10      EV: 19    Int: 10    God:    Trog [****..]
Gold:   430        SH:  5    Dex: 14    Spells: 9/9 levels left

rFire    . . .     SeeInvis .     - Unarmed
rCold    . . .     Faith    .   n - +0 buckler
rNeg     . . .     Spirit   .   (helmet restricted)
rPois    .         Reflect  .   p - amulet of magic regeneration
rElec    .         Harm     .   h - ring of resist corrosion
rCorr    +         Rampage  .   o - +4 ring of slaying
Will     .....                  (no ring)
Stlth    +++++.....             (no ring)
HPRegen  0.20/turn              (no ring)
MPRegen  0.37/turn              (no ring)
                                (no ring)
                                (no ring)

@: no status effects
A: almost no armour, amphibious, 8 rings, camouflage 1, gelatinous body 1,
(nimble swimmer 1), tentacles
a: Renounce Religion, Berserk, Trog's Hand, Brothers in Arms


You were on level 9 of the Dungeon.
You worshipped Trog.
Trog was greatly pleased with you.
You visited 1 branch of the dungeon, and saw 9 of its levels.
You also visited: Sewer.

You collected 466 gold pieces.
You spent 36 gold pieces at shops.

Inventory:

Missiles
 A - 2 throwing nets (quivered)
Armour
 n - a +0 buckler (worn)
 y - a +0 kite shield
Jewellery
 h - a ring of resist corrosion (left tentacle)
 o - a +4 ring of slaying (right tentacle)
 p - an amulet of magic regeneration (around mantle)
 t - a +4 ring of protection
 w - a ring of see invisible
Wands
 u - a wand of iceblast (9)
 B - a wand of acid (19)
Scrolls
 a - a scroll of summoning
 d - 2 scrolls of teleportation
 e - 2 scrolls of amnesia {unknown}
 f - 2 scrolls of fog {unknown}
 k - a scroll of noise {unknown}
 l - a scroll of blinking {unknown}
 m - 2 scrolls of vulnerability
 r - a scroll of enchant armour {unknown}
 s - a scroll of magic mapping {unknown}
 v - 3 scrolls of enchant weapon
 x - a scroll of immolation {unknown}
 C - a scroll of acquirement {unknown}
Potions
 b - 3 potions of heal wounds
 c - 2 potions of ambrosia {unknown}
 i - a potion of cancellation {unknown}
 j - 3 potions of curing
 q - 3 potions of flight {unknown}
 z - 3 potions of might {unknown}


   Skills:
 - Level 3.0 Fighting
 + Level 12.2 Dodging
 - Level 10.0 Stealth
 - Level 4.0 Shields
 - Level 3.0 Unarmed Combat


You had 9 spell levels left.
You didn't know any spells.
Your spell library was empty.

Dungeon Overview and Level Annotations

Branches:
Dungeon (9/15)             Temple (0/1) D:6            Lair (0/6) D:8
  Sewer (visited)
    Orc: D:9-12

Altars:
Elyvilon
Fedhas
Hepliaklqana
Ru
The Shining One

Shops:
D:7 (

Annotations:
D:6 3 runed translucent doors, Nausicaa's ghost, novice TrMo


Innate Abilities, Weirdness & Mutations

You cannot wear most types of armour.
You are amphibious.
You can wear up to eight rings at the same time.
Your skin changes colour to match your surroundings (Stealth+).
Your rubbery body absorbs attacks. (AC +1, EV +1)
((You are camouflaged near water. (Stealth+)))
You have tentacles for arms and can constrict up to eight enemies at once.


Message History

a +0 dagger; a +0 robe
Items here: )) [ ††.
The small abomination barely misses you.
You bludgeon the small abomination! You squeeze the small abomination.
The small abomination is heavily damaged.
You block the small abomination's attack.
You tentacle-slap the small abomination.
The small abomination is heavily damaged.
The small abomination hits you but does no damage.
The small abomination closely misses you.
You tentacle-slap the small abomination.
You squeeze the small abomination!
The small abomination is almost destroyed.
The small abomination hits you!
You tentacle-slap the small abomination.
You destroy the small abomination!
Trog accepts your kill. The small abomination hits you!
You block the small abomination's attack.
You block the small abomination's attack.
The small abomination completely misses you.
The small abomination hits you.
You fail to use your ability.
The small abomination misses you.
You fail to use your ability.
The small abomination closely misses you.
You block the small abomination's attack.
You block the small abomination's attack.
The small abomination hits you!
You block the small abomination's attack.
The small abomination closely misses you.
The small abomination hits you!
You fail to use your ability.
The small abomination barely misses you. x2
You fail to use your ability.
The small abomination closely misses you.
Your ogre goes berserk!
The small abomination hits you!!
* * * LOW HITPOINT WARNING * * *
The small abomination hits you!
You die...

#.##......#...#.
#.#######...###.
#........#..# ##
#........#..###.
#..........>..#.
#........####.#.
#........# #.##
######O#(######
#..# #.Xx@..#.#
##.. #X######.#
### #.# #.# #.#
#.# #X# #.# #.#
######## #X#
#XX[x# #x#


+xxx.# #.# #X...# You could see 2 large abominations, a small abomination (ally
target) and a friendly ogre (summoned, berserk).

Vanquished Creatures
  A two-headed ogre (D:8)
  A wizard (D:9)
  A steam dragon (D:8)
  2 acid dragons
  A water moccasin (D:7)
  4 orc warriors
  A sky beast (D:5)
  2 ogres
  A small abomination (D:9)
  A centaur (D:8)
  2 phantoms
  2 kobold brigands
  4 bullfrogs
  3 scorpions
  A water moccasin skeleton (D:6)
  4 killer bees (D:8)
  A bullfrog zombie (D:7)
  A howler monkey (D:8)
  3 centaur zombies
  A hound (D:5)
  A jelly (D:4)
  5 orc priests
  A gnoll shaman (D:6)
  A centaur skeleton (D:7)
  An iguana (D:7)
  6 orc wizards
  10 gnolls
  A howler monkey zombie (D:8)
  7 adders
  A howler monkey skeleton (D:6)
  3 river rats (Sewer)
  A shadow imp (D:6)
  A white imp (D:5)
  2 ufetubi
  A worm (D:3)
  5 dart slugs
  46 orcs
  7 endoplasms
  6 giant cockroaches
  8 goblins
  12 hobgoblins
  17 jackals
  7 quokkas
  3 training dummies (D:7)
  9 ball pythons
  7 bats
  2 frilled lizards (D:1)
  19 kobolds
  4 rats
231 creatures vanquished.

Notes
Turn   | Place    | Note
-------+----------+-------------------------------------------
     0 | D:1      | nyamberluvr69 the Octopode Berserker began the quest for
                  | the Orb.
     0 | D:1      | Reached XP level 1. HP: 16/16 MP: 1/1
    48 | D:1      | Reached skill level 1 in Stealth
   207 | D:1      | Reached XP level 2. HP: 20/21 MP: 2/2
   519 | D:1      | Reached XP level 3. HP: 26/26 MP: 3/3
  1233 | D:2      | Reached ** piety under Trog
  1340 | D:2      | Found a blossoming altar of Fedhas.
  1466 | D:2      | Reached skill level 5 in Stealth
  1533 | D:2      | Reached XP level 4. HP: 31/31 MP: 4/4
  1949 | D:2      | Found a faded altar of an unknown god.
  2161 | D:3      | Found a white marble altar of Elyvilon.
  2627 | D:3      | Reached XP level 5. HP: 36/36 MP: 5/5
  3278 | D:4      | Reached *** piety under Trog
  3960 | D:4      | Noticed a phantom
  3970 | D:4      | Killed a phantom
  3971 | D:4      | Reached XP level 6. HP: 42/42 MP: 6/6
  4762 | D:5      | Entered Level 5 of the Dungeon
  4781 | D:5      | Found a glowing drain.
  4806 | Sewer    | Entered a sewer
  5164 | Sewer    | Reached skill level 10 in Stealth
  5164 | Sewer    | Reached XP level 7. HP: 39/46 MP: 7/7
  5219 | Sewer    | Found a glowing silver altar of Zin.
  5302 | D:5      | Reached skill level 1 in Shields
  6416 | D:5      | Reached skill level 4 in Dodging
  6416 | D:5      | Reached XP level 8. HP: 44/52 MP: 8/8
  7106 | D:6      | Found a runed translucent gate.
  7107 | D:6      | Found a runed translucent gate.
  7108 | D:6      | Found a runed translucent gate.
  7109 | D:6      | Noticed Nausicaa's ghost (novice TrMo)
  7113 | D:6      | Noticed a cyclops
  7124 | D:6      | Reached skill level 5 in Dodging
  7224 | D:6      | Found a sacrificial altar of Ru.
  7362 | D:6      | Found a staircase to the Ecumenical Temple.
  7387 | D:6      | Reached **** piety under Trog
  7388 | D:6      | Reached skill level 6 in Dodging
  8273 | D:7      | Reached skill level 7 in Dodging
  8568 | D:7      | Found Ebolekloago's Firing Range.
  8599 | D:7      | Bought a throwing net for 36 gold pieces
  8877 | D:7      | Reached skill level 8 in Dodging
  8877 | D:7      | Reached XP level 9. HP: 41/56 MP: 9/9
  9465 | D:8      | Noticed a two-headed ogre
  9512 | D:8      | Reached skill level 9 in Dodging
  9646 | D:8      | Found a hazy altar of Hepliaklqana.
 10453 | D:8      | Reached skill level 10 in Dodging
 10725 | D:8      | Found a staircase to the Lair.
 10926 | D:8      | Killed a two-headed ogre
 10927 | D:8      | Reached skill level 11 in Dodging
 10927 | D:8      | Reached XP level 10. HP: 34/63 MP: 10/10
 11403 | D:8      | Identified the +3 cloak of Free Will {Str+4 Int+2}
 11816 | D:9      | Found a glowing golden altar of the Shining One.
 11892 | D:9      | Noticed a wizard
 11910 | D:9      | Killed a wizard
 11911 | D:9      | Reached skill level 12 in Dodging
 12027 | D:9      | Noticed a large abomination
 12077 | D:9      | HP: 3/63 [small abomination (20)]
 12077 | D:9      | Mangled by a small abomination

Illustrated notes

Levels and vault maps discovered:
D:1:      elethiomel_arrival_quiet, layout_basic, minivault_23
D:2:      layout_basic, basic_altar, ebering_ecumenical_altar_abandoned
D:3:      layout_loops_ring, lemuel_doored_altar, fountainhead, grunt_decor_cap
D:4:      layout_basic
D:5:      layout_loops_ring, gup_sewer_entry_pipe
D:6:      layout_gridville, nicolae_ru_great_annihilating_truth,
          minmay_temple_entry_mist, gammafunk_ghost_split,
          hangedman_decor_riveting
D:7:      layout_loops_ring, serial_glass, glass_columns_a, glass_columns_b,
          glass_columns_b, glass_columns_a, glass_columns_a, glass_columns_b,
          glass_columns_b, glass_columns_a, item_on_display_a,
          item_on_display_a, due_unseen_surprise, nicolae_shop_firing_range
D:8:      layout_cave_pods, mainiacjoe_overflow_alcove_4, lair_entry_dummy,
          special_room [special_room_orc]
D:9:      layout_basic, marbit_many_paths, laboratory

Skill      XL: |  1  2  3  4  5  6  7  8  9 10 |
---------------+-------------------------------+-----
Stealth        | 2 3 5 6 8 10 | 10.0
Shields        | 4 |  4.0
Dodging        | 4 8 11 12 | 12.2
Fighting       | |  3.0
Unarmed Combat | |  3.0

Action                   |  1- 3 |  4- 6 |  7- 9 | 10-12 || total
-------------------------+-------+-------+-------+-------++-------
Melee: Unarmed           |    75 |   134 |   278 |    47 ||   534
       Constrict         |    20 |    35 |    77 |     3 ||   135
       Tentacles         |    17 |    39 |    65 |    14 ||   135
       Punch             |       |     1 |     8 |       ||     9
Invok: Berserk           |     3 |     5 |     9 |     3 ||    20
       Trog's Hand       |       |       |     1 |       ||     1
       Brothers in Arms  |       |       |       |     1 ||     1
  Use: Scroll            |       |       |     6 |       ||     6
 Stab: Sleeping          |    13 |    19 |    21 |     3 ||    56
       Distracted        |       |       |     1 |       ||     1
       Invisible         |       |       |     1 |       ||     1
       Paralysed         |       |       |     1 |       ||     1
Armor: Skin              |     7 |     8 |     7 |     2 ||    24
Dodge: Dodged            |    54 |    54 |   140 |    39 ||   287
Block: Buckler           |       |     4 |    42 |    13 ||    59

Table legend: (Time is in decaauts)
 A = Elapsed time spent in this place.
 B = Non-inter-level travel time spent in this place.
 C = Inter-level travel time spent in this place.
 D = Time resting spent in this place.
 E = Time spent auto-exploring this place.
 F = Levels seen in this place.
 G = Mean time per level.
                   A        B        C        D        E       F      G
               +--------+--------+--------+--------+--------+-----+--------+
         Total |  12246 |  11937 |    309 |   3376 |   6211 |  10 | 1224.6 |
       Dungeon |  11774 |  11465 |    309 |   3130 |   6158 |   9 | 1308.2 |
         Sewer |    472 |    472 |      0 |    246 |     53 |   1 |  472.0 |
               +--------+--------+--------+--------+--------+-----+--------+

Top non-repeatable levels by time:
     D:8: 2049 daAuts
     D:5: 1757 daAuts
     D:4: 1631 daAuts
     D:6: 1318 daAuts
     D:3: 1191 daAuts
     D:1: 1141 daAuts
     D:7: 1090 daAuts
     D:2: 928 daAuts
     D:9: 664 daAuts
   Sewer: 472 daAuts
